Map: Romanticide LE

Players

SouLeer

  • Race: Zerg Zerg
  • League: Grandmaster
  • Spawn Location: 11:00

Rail - Winner!

  • Race: Protoss Protoss
  • League: Master
  • Spawn Location: 5:00

Event: DreamHack SC2 Masters 2020 Winter

VOD

Have the link to the VOD?

Description

Time

  • Played on: Oct. 25, 2020, 1:16 p.m.
  • Length: 11:21

All games in this series

Show
View Real Time Build Order
Export as new Build Order

SouLeer Zerg 

Build Orders: Hatch First, Roach Hydra 

Get SALT Encoding   

  12  0:00  Drone  
  13  0:12  Overlord  
  13  0:18  Drone  
  14  0:32  Drone  
  14  0:33  Drone  
  16  0:50  Hatchery  
  16  0:53  Drone  
  16  0:56  Drone  
  17  1:00  Drone  
  18  1:12  Extractor  
  18  1:17  Spawning Pool  
  18  1:18  Drone  
  17  1:21  Drone  
  18  1:30  Drone  
  19  1:44  Drone  
  20  1:51  Hatchery  
  20  2:00  Drone  
  21  2:01  Hatchery  
  20  2:08  Queen  
  20  2:15  Overlord  
  22  2:22  Metabolic Boost  
  22  2:34  Zergling x6  
  25  2:44  Queen  
  25  2:47  Drone  
  28  2:57  Drone  
  29  3:03  Queen  
  29  3:04  Overlord  
  31  3:09  Drone  
  32  3:14  Drone x2  
  32  3:16  Drone x2  
  32  3:17  Drone  
  37  3:24  Drone x2  
  39  3:28  Drone  
  39  3:30  Drone  
  41  3:38  Drone x2  
  43  3:41  Overlord  
  43  3:47  Queen  
  45  3:55  Drone x4  
  49  4:00  Drone x2, Spore Crawler  
  49  4:02  Drone  
  51  4:04  Drone  
  52  4:15  Drone x4  
  55  4:18  Overlord  
  55  4:20  Spore Crawler  
  55  4:23  Drone x3, Spore Crawler  
  55  4:24  Drone  
  56  4:28  Drone  
  56  4:30  Overlord  
  57  4:34  Overlord x2  
  57  4:45  Extractor  
  56  4:47  Drone  
  56  4:48  Overlord  
  56  4:51  Drone x4  
  56  4:52  Drone x3  
  64  4:56  Roach Warren  
  63  5:00  Lair  
  63  5:03  Drone, Extractor x2  
  62  5:07  Overlord  
  62  5:19  Drone x2  
  62  5:21  Drone x4  
  66  5:24  Overlord  
  68  5:31  Overlord  
  68  5:36  Roach x2  
  68  5:37  Roach x5  
  68  5:40  Drone x2  
  68  5:41  Drone  
  68  5:42  Overlord  
  84  5:49  Drone x4  
  88  5:51  Extractor  
  88  5:52  Extractor  
  88  5:54  Overlord  
  86  5:58  Drone, Overlord  
  86  5:59  Drone  
  86  6:00  Drone  
  86  6:03  Hatchery  
  88  6:08  Hydralisk Den  
  87  6:13  Overseer  
  87  6:17  Zergling x18  
  96  6:22  Zergling x2  
  91  6:25  Queen  
  91  6:26  Zergling x2  
  91  6:29  Zergling x8  
  91  6:31  Queen  
  98  6:41  Grooved Spines  
  98  6:44  Overlord  
  98  6:47  Overlord  
  98  6:49  Drone  
  98  6:50  Drone, Evolution Chamber, Glial Reconstitution  
  98  6:51  Evolution Chamber  
  93  6:59  Roach x7  
  93  7:01  Overlord  
  102  7:11  Drone x3  
  102  7:12  Drone x2  
  107  7:17  Hydralisk x2  
  107  7:19  Hydralisk x4  
  119  7:25  Hydralisk x2  
  121  7:35  Roach x3  
  121  7:40  Drone x5  
  121  7:41  Drone x3  
  129  7:46  Drone x2  
  129  7:48  Drone  
  132  7:51  Zerg Missile Weapons Level 1  
  132  7:52  Muscular Augments, Zerg Ground Armor Level 1  
  132  7:53  Drone, Overseer  
  133  7:59  Drone x5, Lurker Den  
  131  8:06  Roach x2  
  137  8:13  Roach x5  
  137  8:14  Overlord  
  137  8:15  Hydralisk  
  147  8:20  Hydralisk  
  147  8:26  Roach  
  147  8:27  Roach x2  
  155  8:29  Roach  
  155  8:31  Overlord x2  
  157  8:34  Overlord  
  157  8:36  Roach x2  
  157  8:41  Infestation Pit, Roach x2  
  160  8:42  Roach  
  160  8:43  Hatchery  
  160  8:45  Overlord  
  160  8:46  Overlord  
  165  8:51  Roach x3  
  165  8:52  Roach  
  173  8:59  Overseer  
  173  9:00  Pneumatized Carapace  
  173  9:01  Hydralisk x4  
  181  9:05  Roach x3  
  181  9:08  Roach x2  
  190  9:11  Roach x2  
  185  9:17  Hive  
  185  9:19  Roach x3  
  191  9:28  Roach x5  
  191  9:31  Hydralisk  
  189  9:47  Hydralisk x4  
  193  9:54  Hydralisk x8  
  193  9:58  Roach  
  193  9:59  Roach x3  
  197  10:04  Roach  
  199  10:09  Ravager  
  200  10:15  Extractor  
  198  10:23  Roach  
  169  10:30  Roach  
  169  10:31  Roach x10  
  169  10:34  Zergling x24  
  177  10:38  Zergling x6  
  177  10:40  Zergling x4  
  182  10:45  Zergling x6  
  182  10:49  Zergling x4  
  169  10:52  Zergling x2  
  169  10:53  Roach x2  
  169  10:56  Hydralisk x2  
Show
View Real Time Build Order
Export as new Build Order

Rail Protoss - Winner!

Build Orders:  

Get SALT Encoding   

  12  0:00  Probe  
  13  0:12  Probe  
  14  0:20  Pylon  
  14  0:24  Probe  
  15  0:38  Probe (Chrono Boost)  
  15  0:39  Gateway  
  16  0:46  Probe (Chrono Boost)  
  17  0:53  Forge  
  17  0:55  Probe  
  18  1:07  Probe  
  19  1:11  Pylon  
  19  1:29  Pylon  
  19  1:31  Pylon  
  19  1:33  Photon Cannon  
  19  1:36  Gateway  
  19  1:40  Assimilator, Probe  
  20  1:51  Cybernetics Core  
  20  2:04  Nexus  
  20  2:10  Assimilator  
  20  2:13  Probe  
  21  2:20  Pylon  
  21  2:25  Probe (Chrono Boost)  
  22  2:30  Stalker  
  25  2:37  Probe (Chrono Boost)  
  25  2:42  Warp Gate  
  25  2:44  Probe (Chrono Boost)  
  26  2:53  Probe  
  27  3:00  Adept  
  29  3:05  Shield Battery  
  29  3:07  Robotics Facility  
  29  3:09  Probe  
  30  3:18  Probe (Chrono Boost)  
  31  3:25  Probe (Chrono Boost)  
  32  3:30  Probe (Chrono Boost)  
  34  3:35  Probe (Chrono Boost)  
  34  3:38  Probe (Chrono Boost)  
  36  3:41  Probe (Chrono Boost)  
  36  3:42  Pylon  
  36  3:45  Probe (Chrono Boost)  
  36  3:48  Probe  
  37  3:54  Robotics Bay  
  39  3:55  Observer (Chrono Boost)  
  39  3:57  Probe  
  39  4:00  Assimilator, Probe  
  41  4:09  Warp Prism (Chrono Boost), Probe  
  42  4:15  Probe (Chrono Boost)  
  45  4:21  Probe (Chrono Boost)  
  45  4:28  Gateway  
  45  4:30  Probe x2 (Chrono Boost)  
  47  4:35  Pylon, Probe (Chrono Boost)  
  47  4:37  Probe  
  49  4:39  Disruptor (Chrono Boost)  
  49  4:40  Assimilator  
  49  4:44  Gravitic Drive  
  52  4:47  Probe  
  52  4:49  Pylon, Probe  
  54  4:54  Gateway, Sentry  
  56  5:00  Gateway  
  56  5:08  Immortal  
  60  5:16  Pylon  
  60  5:18  Sentry  
  62  5:22  Gateway  
  62  5:24  Pylon  
  62  5:25  Sentry  
  64  5:36  Probe x2  
  64  5:38  Pylon  
  66  5:47  Nexus  
  66  5:49  Probe x2  
  68  5:51  Sentry x2  
  68  5:56  Zealot, Sentry  
  76  6:01  Observer  
  76  6:03  Shield Battery  
  77  6:04  Probe x2  
  77  6:08  Pylon  
  78  6:16  Zealot, Twilight Council, Probe  
  81  6:23  Probe  
  82  6:28  Probe  
  83  6:36  Pylon, Probe (Chrono Boost)  
  83  6:37  Sentry  
  83  6:38  Stalker, Disruptor  
  91  6:40  Probe (Chrono Boost)  
  91  6:42  Colossus  
  93  6:47  Forge  
  93  6:48  Zealot, Probe (Chrono Boost)  
  93  6:49  Sentry  
  97  6:55  Sentry  
  97  6:57  Probe (Chrono Boost)  
  97  6:59  Probe  
  101  7:03  Assimilator  
  101  7:06  Assimilator, Probe  
  101  7:07  Pylon, Blink (Chrono Boost)  
  102  7:13  Probe  
  103  7:19  Stalker  
  103  7:20  Gateway  
  105  7:25  Probe  
  106  7:30  Colossus (Chrono Boost)  
  112  7:40  Gateway  
  112  7:47  Pylon  
  112  7:48  Extended Thermal Lance  
  112  7:49  Gateway x2  
  112  7:52  Stalker x2  
  112  7:57  Stalker  
  118  8:00  Protoss Ground Weapons Level 1 (Chrono Boost)  
  118  8:05  Stalker x2  
  122  8:12  Pylon x2  
  122  8:20  Colossus (Chrono Boost)  
  128  8:28  Pylon  
  128  8:30  Probe  
  128  8:33  Photon Cannon  
  129  8:34  Pylon, Zealot  
  129  8:39  Nexus  
  131  8:42  Stalker  
  133  8:55  Shield Battery  
  133  8:57  Colossus  
  133  8:59  Photon Cannon, Probe  
  133  9:01  Charge  
  134  9:06  Stalker x2  
  144  9:13  Stalker x2  
  148  9:17  Stalker x2  
  148  9:20  Probe x2  
  148  9:21  Probe  
  155  9:29  Stalker x2  
  155  9:31  Stalker  
  161  9:36  Gateway  
  161  9:38  Probe x2  
  163  9:40  Pylon  
  163  9:51  Observer  
  164  9:59  Stalker  
  162  10:00  Stalker x6  
  174  10:11  Stalker x2  
  179  10:14  Observer  
  171  10:38  Stalker x6  
  171  10:39  Stalker x4  
  165  11:08  Stalker x2  
  165  11:09  Stalker x7  
Tags
 
Add a new tag
Caveats
  • Supply blocks, unpowered buildings, or Contaminate may cause inaccurate times.
  • Supply counts are checked every 10 seconds.